 Dungeon Crawl Stone Soup version 0.18.1-50-g88ac8fd (webtiles) character file.

9057 Gargoyl the Protected (level 11, 0/95 HPs)
             Began as a Demonspawn Abyssal Knight on Sept 15, 2016.
             Was a High Priest of Lugonu.
             Slain by a skeletal warrior
             ... wielding a +0 hand axe
             ... led by a skeletal warrior
              (14 damage)
             ... on level 11 of the Dungeon.
             The game lasted 00:24:17 (11070 turns).

Gargoyl the Protected (Demonspawn Abyssal Knight)  Turns: 11070, Time: 00:24:18

Health: 0/95       AC: 24    Str: 14    XL:     11   Next: 18%
Magic:  12/12      EV: 10    Int: 13    God:    Lugonu [*****.]
Gold:   412        SH:  0    Dex: 12    Spells: 0 memorised, 10 levels left

rFire  . . .     SeeInvis +     a - +0 war axe (chop)
rCold  + . .     Gourm    .     J - +0 plate armour
rNeg   . . .     Faith    .     (no shield)
rPois  +         Spirit   .     z - +1 hat {SInv}
rElec  +         Dismiss  .     h - +2 cloak of Starlight {rElec rC+ EV+4 Stlth--}
rCorr  .         Reflect  .     b - +0 pair of gloves
SustAt .         Harm     .     (no boots)
MR     +....                    (no amulet)
Stlth  ..........               I - ring of poison resistance
                                q - +4 ring of protection

@: exhausted, slowed, very slow, somewhat resistant to hostile enchantments,
extremely unstealthy
A: horns 1, talons 2, rough black scales 1, blurry vision 1, deformed body,
demonic guardian 2, magic resistance 1, robust 1, shaggy fur 1, weak 1, wild
magic 1, rot immunity
a: Depart the Abyss, Bend Space, Banish, Corrupt, Enter the Abyss, Renounce
Religion


You were on level 11 of the Dungeon.
You worshipped Lugonu.
Lugonu was extremely pleased with you.
You were hungry.

You visited 1 branch of the dungeon, and saw 11 of its levels.
You visited the Abyss 1 time.

You collected 632 gold pieces.
You spent 220 gold pieces at shops.

Inventory:

Hand Weapons
 a - a +0 war axe of chopping (weapon)
 t - a +3 hand axe of draining
 y - a +0 spear
 A - a +0 blowgun
 C - a +2 great mace of holy wrath
 G - a +2 war axe of protection
Missiles
 u - 12 tomahawks (quivered)
 E - 35 poisoned needles
 F - 2 silver javelins
Armour
 b - a +0 pair of gloves (worn)
 g - a +2 helmet
 h - the +2 cloak of Starlight (worn) {rElec rC+ EV+4 Stlth--}
   (You found it on level 9 of the Dungeon)

   It affects your evasion (+4).
   It protects you from cold.
   It insulates you from electricity.
   It makes you much less stealthy.
 z - a +1 hat of see invisible (worn)
 J - a +0 plate armour (worn)
Jewellery
 q - a +4 ring of protection (left hand)
 I - a ring of poison resistance (right hand)
Wands
 w - a wand of flame (48/48)
 H - a wand of flame (14/48)
Scrolls
 e - 2 scrolls of remove curse
 f - 3 scrolls of amnesia
 j - 2 scrolls of teleportation
 o - 2 scrolls of identify
Potions
 c - a potion of might
 i - 2 potions of cancellation
 p - 2 potions of curing
 v - a potion of resistance
Comestibles
 k - 11 beef jerkies
 l - 3 chunks of flesh
 s - 10 bread rations


   Skills:
 + Level 8.4 Fighting
 + Level 7.9 Axes
 + Level 1.5 Throwing
 * Level 10.8 Armour
 + Level 5.1 Dodging
 + Level 1.6 Stealth
 + Level 2.6 Invocations


You had 10 spell levels left.
You didn't know any spells.

Dungeon Overview and Level Annotations

Branches:
Dungeon (11/15)            Temple (0/1) D:5            Lair (0/8) D:8
    Orc: D:9-12

Altars:
Ashenzari
Cheibriados
Elyvilon
Kikubaaqudgha
Nemelex Xobeh
Okawaru
Qazlal
Ru
Sif Muna
Trog
Vehumet
Yredelemnul
The Shining One

Shops:
D:6 =   D:8 *}(*[


Innate Abilities, Weirdness & Mutations

You have razor-sharp toenails.
You are partially covered in rough black scales (AC +4, Dex -1).
A demonic guardian rushes to your aid.
You are immune to rotting.
You have a pair of small horns on your head.
Scrolls take you a little longer to read.
Armour fits poorly on your strangely shaped body.
You are resistant to hostile enchantments.
You are robust (+10% HP).
You are covered in fur (AC +1).
You are weak. (Str -2)
Your spells are a little harder to cast, but a little more powerful.


Message History

Lugonu accepts your kill.
The skeletal warrior hits you but does no damage.
Unknown command.
The skeletal warrior closely misses you.
The skeletal warrior hits you but does no damage.
Things that are here:
a shortbow; 22 arrows The skeletal warrior hits your soul eater but does no damage.
Your soul eater closely misses the skeletal warrior.
The skeletal warrior closely misses your soul eater.
Your soul eater hits the skeletal warrior but does no damage.
The skeletal warrior hits your soul eater but does no damage.
Your soul eater hits the skeletal warrior!
The skeletal warrior hits your soul eater with a hand axe!
Your soul eater disappears in a puff of smoke!
The skeletal warrior completely misses you.
The skeletal warrior hits you with a hand axe!
* * * LOW HITPOINT WARNING * * *
The skeletal warrior hits you with a hand axe!
You die...

#.# #.# ###.#
#.... #.#c# #.#≈#
#.#)# #######.#.#
#...@zccc!#
#.#####.#[# #.#
###.# #.# #.# #.#
#.## ##.#######..#
#......((...#
#..#######).####.#
#.## #........


You could see a skeletal warrior and 3 centaurs.

Vanquished Creatures
  Gastronok (D:8)
  A skeletal warrior (D:11)
  A hill giant (D:11)
  The ghost of imphell the Chopper, a novice FoAK of Lugonu (D:4)
  A troll (D:9)
  Eustachio (D:4)
  2 hungry ghosts
  Menkaure (D:6)
  3 water moccasins
  A black bear (D:8)
  2 ice beasts (D:9)
  3 sky beasts
  2 orc warriors
  6 ogres
  7 centaurs
  A big kobold (D:9)
  4 giant frogs
  4 scorpions
  A wight (D:8)
  2 howler monkeys
  A crimson imp (D:7)
  A wasp zombie (D:9)
  6 hounds
  4 jellies
  3 orc priests
  Jessica (D:2)
  9 orc wizards
  6 iguanas
  Natasha (thrice) (D:3)
  3 worker ants
  A killer bee zombie (D:9)
  2 hound zombies
  A hound skeleton (D:7)
  2 worker ant zombies
  7 gnolls
  11 adders
  2 shadow imps (D:6)
  A white imp (D:5)
  2 adder skeletons
  An adder zombie (D:6)
  7 worms
  A dart slug (D:3)
  7 giant geckos
  39 orcs
  2 giant cockroaches
  8 goblins
  7 hobgoblins
  4 jackals (D:4)
  7 quokkas
  2 ball pythons (D:2)
  5 bats
  A giant gecko skeleton (D:4)
  A giant gecko zombie (D:6)
  A giant newt (D:2)
  A hobgoblin zombie (D:5)
  8 kobolds
  A kobold skeleton (D:5)
  2 kobold zombies (D:5)
  2 orc skeletons (D:5)
  13 rats
231 creatures vanquished.

Vanquished Creatures (collateral kills)
  2 skeletal warriors (D:11)
  2 hill giants
  A cyclops (D:11)
  Psyche (D:9)
  2 black bears
  A centaur (D:7)
  A howler monkey (D:7)
10 creatures vanquished.

Grand Total: 241 creatures vanquished

Notes
Turn   | Place    | Note
--------------------------------------------------------------
     0 | Abyss:1  | Gargoyl the Demonspawn Abyssal Knight began the quest for the Orb.
     0 | Abyss:1  | Reached XP level 1. HP: 18/18 MP: 2/2
    62 | Abyss:3  | Found a corrupted altar of Lugonu.
   114 | Abyss:3  | Noticed a large abomination
   136 | Abyss:3  | Noticed a starcursed mass
   137 | Abyss:3  | Noticed a ynoxinul
   137 | D:1      | Escaped the Abyss
   330 | D:1      | Reached * piety under Lugonu
   364 | D:1      | Reached skill level 2 in Armour
   385 | D:1      | Gained mutation: You are immune to rotting. [demonic ancestry]
   385 | D:1      | Reached XP level 2. HP: 23/24 MP: 3/3
  1085 | D:2      | Reached skill level 1 in Dodging
  1085 | D:2      | Gained mutation: You have sharp toenails. [demonic ancestry]
  1085 | D:2      | Reached XP level 3. HP: 29/29 MP: 4/4
  1331 | D:2      | Found a sparkling altar of Nemelex Xobeh.
  1402 | D:2      | Noticed Jessica
  1421 | D:2      | Killed Jessica
  1824 | D:2      | Reached XP level 4. HP: 32/37 MP: 5/5
  1997 | D:3      | Reached skill level 3 in Armour
  2195 | D:3      | Reached ** piety under Lugonu
  2405 | D:3      | Noticed Natasha
  2414 | D:3      | Killed Natasha
  2414 | D:3      | Reached XP level 5. HP: 41/42 MP: 6/6
  2467 | D:3      | Found a stormy altar of Qazlal.
  2788 | D:3      | Noticed Natasha
  2792 | D:3      | Killed Natasha
  2826 | D:3      | Gained mutation: You are partially covered in rough black scales (AC +4, Dex -1). [demonic ancestry]
  2826 | D:3      | Reached XP level 6. HP: 13/48 MP: 7/7
  2981 | D:3      | Noticed Natasha
  2995 | D:3      | Killed Natasha
  3094 | D:3      | Found an iron altar of Okawaru.
  3191 | D:3      | Reached skill level 4 in Armour
  3415 | D:3      | Reached *** piety under Lugonu
  3821 | D:4      | Found a radiant altar of Vehumet.
  3821 | D:4      | Found a basalt altar of Yredelemnul.
  3821 | D:4      | Noticed imphell's ghost (novice FoAK)
  3859 | D:4      | Killed imphell's ghost
  3859 | D:4      | Reached skill level 5 in Armour
  3859 | D:4      | Reached XP level 7. HP: 7/55 MP: 8/8
  4430 | D:4      | Noticed Eustachio
  4477 | D:4      | Killed Eustachio
  4477 | D:4      | Reached skill level 5 in Fighting
  4477 | D:4      | Gained mutation: You have razor-sharp toenails. [demonic ancestry]
  4477 | D:4      | Reached XP level 8. HP: 55/62 MP: 9/9
  5000 | D:4      | Found an ancient bone altar of Kikubaaqudgha.
  5103 | D:5      | Entered Level 5 of the Dungeon
  5116 | D:5      | Reached skill level 6 in Armour
  5303 | D:5      | Found a glowing golden altar of the Shining One.
  5516 | D:5      | Found a white marble altar of Elyvilon.
  5637 | D:5      | Noticed a moth of wrath
  5642 | D:5      | Found a bloodstained altar of Trog.
  5704 | D:5      | Found a staircase to the Ecumenical Temple.
  5893 | D:5      | Found a sacrificial altar of Ru.
  5953 | D:6      | Reached skill level 5 in Axes
  6003 | D:6      | Reached **** piety under Lugonu
  6234 | D:6      | Found Qaelum's Jewellery Boutique.
  6293 | D:6      | Bought an uncursed ring of poison resistance for 220 gold pieces
  6555 | D:6      | Reached skill level 7 in Armour
  6796 | D:6      | Noticed Menkaure
  6806 | D:6      | Killed Menkaure
  6806 | D:6      | Gained mutation: A weak demonic guardian rushes to your aid. [demonic ancestry]
  6806 | D:6      | Reached XP level 9. HP: 34/69 MP: 10/10
  7045 | D:7      | Found a shattered altar of Ashenzari.
  7469 | D:7      | Reached skill level 8 in Armour
  7616 | D:7      | Found a snail-covered altar of Cheibriados.
  8118 | D:7      | Reached skill level 1 in Throwing
  8216 | D:8      | Found Korchag's Antique Weapon Emporium.
  8335 | D:8      | Found Icoudy's General Store.
  8350 | D:8      | Noticed Gastronok
  8355 | D:8      | Found Yreroiqo's Armour Emporium.
  8368 | D:8      | Killed Gastronok
  8368 | D:8      | Reached skill level 9 in Armour
  8368 | D:8      | Reached skill level 1 in Stealth
  8368 | D:8      | Gained mutation: A demonic guardian rushes to your aid. [demonic ancestry]
  8368 | D:8      | Reached XP level 10. HP: 41/79 MP: 11/11
  8767 | D:8      | Found Gackybb's Gadget Shoppe.
  8771 | D:8      | Found a staircase to the Lair.
  8772 | D:8      | Found Woxotsyi's General Store.
  9051 | D:9      | Reached ***** piety under Lugonu
  9208 | D:9      | Noticed Psyche
  9215 | D:9      | Killed Psyche
  9541 | D:9      | Reached skill level 5 in Dodging
  9782 | D:9      | Identified a scroll of acquirement
  9998 | D:10     | Entered Level 10 of the Dungeon
 10079 | D:10     | Gained mutation: You are covered in fur (AC +1). [mutagenic meat]
 10080 | D:10     | Gained mutation: Your spells are a little harder to cast, but a little more powerful. [mutagenic meat]
 10081 | D:10     | Gained mutation: You have a pair of small horns on your head. [mutagenic meat]
 10082 | D:10     | Gained mutation: Scrolls take you a little longer to read. [mutagenic meat]
 10083 | D:10     | Gained mutation: Armour fits poorly on your strangely shaped body. [mutagenic meat]
 10264 | D:10     | Noticed a hill giant
 10268 | D:10     | Killed a hill giant
 10602 | D:11     | Noticed a hill giant
 10617 | D:11     | Killed a hill giant
 10617 | D:11     | Reached skill level 10 in Armour
 10891 | D:11     | Found a deep blue altar of Sif Muna.
 10907 | D:11     | Noticed a cyclops
 10907 | D:11     | Noticed a hill giant
 10919 | D:11     | Killed a hill giant
 10923 | D:11     | Killed a cyclops
 10945 | D:11     | Reached XP level 11. HP: 86/86 MP: 12/12
 10987 | D:11     | Noticed a skeletal warrior
 10995 | D:11     | Noticed a skeletal warrior
 11002 | D:11     | Killed a skeletal warrior
 11009 | D:11     | Noticed a skeletal warrior
 11017 | D:11     | Killed a skeletal warrior
 11027 | D:11     | Noticed a skeletal warrior
 11027 | D:11     | Gained mutation: You are robust (+10% HP). [potion of mutation]
 11027 | D:11     | Gained mutation: You are resistant to hostile enchantments. [potion of mutation]
 11027 | D:11     | Gained mutation: You are weak. (Str -2) [potion of mutation]
 11042 | D:11     | Killed a skeletal warrior
 11070 | D:11     | Slain by a skeletal warrior

Skill      XL: |  1  2  3  4  5  6  7  8  9 10 |
---------------+-------------------------------+-----
Armour         | 2 3 5 7 9 10 | 10.8
Dodging        | 1 2 3 4 5 |  5.1
Axes           | 2 3 4 5 6 7 |  7.9
Fighting       | 4 5 6 7 8 |  8.4
Throwing       | 1 |  1.5
Stealth        | 1 |  1.6
Invocations    | |  2.6

Action                   |  1- 3 |  4- 6 |  7- 9 | 10-12 || total
-------------------------+-------+-------+-------+-------++-------
Melee: Hand axe          |   120 |   256 |   409 |   266 ||  1051
       Kick              |     8 |    57 |    88 |    81 ||   234
       Headbutt          |       |       |       |    16 ||    16
       War axe           |       |       |       |    21 ||    21
Throw: Tomahawk          |       |       |    10 |     3 ||    13
Invok: Depart the Abyss  |     1 |       |       |       ||     1
  Use: Potion            |     2 |     2 |     4 |     7 ||    15
       Scroll            |     1 |       |    11 |     8 ||    20
 Stab: Distracted        |       |       |     1 |       ||     1
  Eat: Chunk             |     3 |     2 |    14 |     9 ||    28
       Bread ration      |       |     1 |     2 |     1 ||     4
       Pizza             |       |       |     2 |       ||     2
       Royal jelly       |       |       |     1 |       ||     1
       Meat ration       |       |       |       |     3 ||     3
Armor: Chain mail        |   112 |   232 |   396 |    21 ||   761
       Skin              |     1 |       |       |       ||     1
       Plate armour      |       |       |       |   193 ||   193
Dodge: Dodged            |    33 |   118 |   227 |   163 ||   541
